 Dungeon Crawl Stone Soup version 0.32-a0-473-gd044c6f0f0 (webtiles) character file.

Game seed: 7273627995474000948

83 Asceticacid the Insei (level 4, 0/42 HPs)
             Began as an Octopode Shapeshifter on Feb 26, 2024.
             Slain by a gnoll
             ... wielding a +0 spear
              (3 damage)
             ... on level 2 of the Dungeon.
             The game lasted 00:01:58 (1029 turns).

Asceticacid the Insei (Octopode Shapeshifter)       Turns: 1029, Time: 00:01:59

Health: 0/42       AC: 22    Str: 13    XL:     4   Next: 44%
Magic:  4/4        EV:  2    Int: 12    God:
Gold:   100        SH:  0    Dex: 13    Spells: 3/3 levels left

rFire   . .          .
                       - Unarmed
rCold   . . .        (no shield)
rNeg    . . .        (helmet currently unavailable)
rPois   +            (no amulet)
rElec   .            e - ring of flight
rCorr   .            (no ring)
SInv    .            (no ring)
Will    .....        (no ring)
Stlth   +            (no ring)
HPRegen 0.27/turn    (no ring)
MPRegen 0.09/turn    (no ring)
                     (no ring)

%: no passive effects
@: tree-form (expiring), weak-willed
A: stationary, stasis, torment immunity, boosted hp, almost no armour,
(amphibious), 8 rings, (camouflage 1), (gelatinous body 1), (nimble swimmer 1),
(tentacles)
a: no special abilities


You were on level 2 of the Dungeon.
You were a tree.
You visited 1 branch of the dungeon, and saw 2 of its levels.

You collected 100 gold pieces.

Inventory:

Missiles
 f - 3 javelins (quivered)
Jewellery
 e - a ring of flight (left branch)
Talismans
 b - a beast talisman (active)
 c - a flux talisman
Potions
 d - a potion of curing


   Skills:
 - Level 1.0 Fighting
 - Level 2.0 Dodging
 + Level 5.1 Unarmed Combat
 - Level 3.0 Shapeshifting


You had 3 spell levels left.
You didn't know any spells.
Your spell library contained the following spells:

 Spells                   Type           Power      Damage    Failure   Level
 Slow                     Hex            0%         N/A       32%         1
 Confusing Touch          Hex            0%         N/A       69%         3
 Sigil of Binding         Hex            0%         N/A       69%         3
 Vampiric Draining        Necr           0%         2d6       69%         3


Dungeon Overview and Level Annotations

Branches:
Dungeon (2/15)

Altars:


Innate Abilities, Weirdness & Mutations

You are a tree.
Your roots penetrate the ground, keeping you stationary.
You cannot be teleported.
You are immune to unholy pain and torment.
Your maximum health is greatly increased.
You cannot wear most types of armour.
((You are amphibious.))
You can wear up to eight rings at the same time.
((Your skin changes colour to match your surroundings (Stealth+).))
((Your rubbery body absorbs attacks. (AC +1, EV +1)))
((You are camouflaged when in or above water. (Stealth+)))
((You have tentacles for arms and can constrict up to eight enemies at once.))


Message History

The adder bites you but does no damage.
The gnoll hits you but does no damage. x2
You barely miss the adder. The adder bites you but does no damage.
The gnoll hits you from afar with a +0 spear.
* * * LOW HITPOINT WARNING * * *
The gnoll hits you but does no damage.
You smack the adder!
You kill the adder!
The gnoll hits you but does no damage. x2; The giant cockroach bites you.
* * * LOW HITPOINT WARNING * * *
You hit the gnoll.
You kill the gnoll!
The giant cockroach bites you but does no damage.
The gnoll hits you but does no damage. x2
Your Unarmed Combat skill increases to level 5!
You smack the giant cockroach!
You kill the giant cockroach!
You smack the goblin!
You kill the goblin!
The gnoll hits you but does no damage. x2
You aren't carrying any items that you can evoke.
You aren't carrying any scrolls.
You feel better.
The gnoll hits you but does no damage. x2
Sorry, you're not good enough to have a special ability.
You aren't carrying any scrolls.
Unknown command.
You cannot move.
The gnoll hits you but does no damage.
The gnoll hits you from afar with a +0 spear.
* * * LOW HITPOINT WARNING * * *
Your transformation is almost over.
The gnoll hits you but does no damage. x2
The gnoll barely misses you. x2
The gnoll hits you but does no damage. x2
The gnoll hits you but does no damage. x2
The gnoll hits you from afar with a +0 spear.
* * * LOW HITPOINT WARNING * * *
The gnoll hits you from afar with a +0 spear.
* * * LOW HITPOINT WARNING * * *
The gnoll hits you from afar with a +0 spear.
You die...

.. ... .
..#... .#
..#.###.##
.........#
#J#......##
#g#g......#
#$#)....#
#.♣)....#
####.####
#....#####
#........#
#...####.#####
#...# #.....#
#.?.# ##....#
#...# #..[.#
##### #....#


You could see 2 gnolls and an endoplasm.

Vanquished Creatures
  A gnoll (D:2)
  4 adders (D:2)
  An endoplasm (D:1)
  3 giant cockroaches
  8 goblins
  A hobgoblin (D:1)
  3 jackals (D:1)
  2 kobolds
  A quokka (D:2)
  4 ball pythons
  4 bats (D:1)
  2 frilled lizards (D:2)
  2 rats (D:1)
36 creatures vanquished.

Notes
Turn   | Place    | Note
-------+----------+-------------------------------------------
     0 | D:1      | Asceticacid the Octopode Shapeshifter began the quest for
                  | the Orb.
     0 | D:1      | Reached XP level 1. HP: 13/13 MP: 1/1
   345 | D:1      | Found a faded altar of an unknown god.
   348 | D:1      | Reached XP level 2. HP: 18/18 MP: 2/2
   571 | D:1      | Reached skill level 4 in Unarmed Combat
   654 | D:2      | Reached XP level 3. HP: 16/23 MP: 3/3
  1013 | D:2      | Reached XP level 4. HP: 17/28 MP: 4/4
  1018 | D:2      | HP: 2/42 [giant cockroach (2)]
  1020 | D:2      | Reached skill level 5 in Unarmed Combat
  1029 | D:2      | Slain by a gnoll

Illustrated notes

Levels and vault maps discovered:
D:1:      saegor_arrival_simple_c, layout_loops_ring,
          shapermc_ecumenical_altar_notcrosses, kennysheep_nondescript,
          minivault_23
D:2:      layout_basic

Skill      XL: |  1  2  3  4 |
---------------+-------------+-----
Unarmed Combat | 4 5 |  5.1
Fighting       | |  1.0
Dodging        | |  2.0
Shapeshifting  | |  3.0

Action                     |  1- 3 |  4- 6 || total
---------------------------+-------+-------++-------
  Melee: Unarmed           |    68 |     8 ||    76
         Constrict         |    15 |       ||    15
         Tentacles         |    13 |       ||    13
         Punch             |     2 |       ||     2
    Use: Scroll            |     4 |       ||     4
         Potion            |     1 |     1 ||     2
   Stab: Sleeping          |     7 |       ||     7
 Armour: Skin              |    42 |    34 ||    76
  Dodge: Dodged            |    57 |     3 ||    60

Table legend: (Time is in decaauts)
 A = Elapsed time spent in this place.
 B = Non-inter-level travel time spent in this place.
 C = Inter-level travel time spent in this place.
 D = Time resting spent in this place.
 E = Time spent auto-exploring this place.
 F = Levels seen in this place.
 G = Mean time per level.
                   A        B        C        D        E       F      G
               +--------+--------+--------+--------+--------+-----+--------+
         Total |   1027 |   1000 |     27 |    137 |    650 |   2 |  513.5 |
       Dungeon |   1027 |   1000 |     27 |    137 |    650 |   2 |  513.5 |
               +--------+--------+--------+--------+--------+-----+--------+

Top non-repeatable levels by time:
     D:1: 641 daAuts
     D:2: 385 daAuts
